 Dungeon Crawl Stone Soup version 0.31-a0-801-gc67433417a (webtiles) character file.

Game seed: 5119076500723093033

9 GordonOverkill the Sneak (level 2, -1/18 HPs)
             Began as a Deep Elf Delver on Sept 20, 2023.
             Splashed by a jelly's acid (5 damage)
             ... on level 5 of the Dungeon.
             The game lasted 00:01:17 (197 turns).

GordonOverkill the Sneak (Deep Elf Delver)           Turns: 197, Time: 00:01:17

Health: -1/18      AC: -1    Str:  9    XL:     2   Next: 3%
Magic:  4/4        EV: 12    Int: 14    God:
Gold:   18         SH:  0    Dex: 16    Spells: 1/1 levels left

rFire   . . .        a - +0 short sword
rCold   . . .        (no shield)
rNeg    . . .        b - +0 leather armour
rPois   .            (no helmet)
rElec   .            (no cloak)
rCorr   .            (no gloves)
SInv    .            (no boots)
Will    .....        (no amulet)
Stlth   +++          (no ring)
HPRegen 0.23/turn    (no ring)
MPRegen 0.09/turn

%: no passive effects
@: corroded
A: no striking features
a: no special abilities


You were on level 5 of the Dungeon.
You visited 1 branch of the dungeon, and saw 4 of its levels.

You collected 18 gold pieces.

Inventory:

Hand Weapons
 a - a +0 short sword (weapon)
Missiles
 j - 2 boomerangs
Armour
 b - a +0 leather armour (worn)
Wands
 g - a wand of digging (3)
Scrolls
 c - a scroll of fog
 d - a scroll of revelation
 e - a scroll of fear
Potions
 f - a potion of haste
 i - a potion of curing {unknown}


   Skills:
 + Level 2.7 Fighting
 - Level 2.0 Short Blades
 - Level 1.0 Throwing
 - Level 2.4 Dodging
 - Level 6.0 Stealth


You had one spell level left.
You didn't know any spells.
Your spell library was empty.

Dungeon Overview and Level Annotations

Branches:
Dungeon (8/15)
 Temple: D:4-7         Lair: D:8-11

Altars:


Message History

You need to enable at least one skill for training.
You have reached level 2!
You start resting.
HP restored.
You see here an adder corpse.
You see here a beast talisman.
h - 3 javelins (gained 2)
A jelly comes into view.
The jelly quivers.
Throw: 3 javelins
Press: ? - help, Q - select action, (/) - cycle Shift-Dir - straight line, f - jelly
Aim: a jelly (89% to hit)
You throw a javelin. The javelin pierces through the jelly.
The jelly is moderately wounded.
Throw: 2 javelins
Press: ? - help, Q - select action, (/) - cycle Shift-Dir - straight line, f/p - jelly
Aim: a jelly (moderately wounded, 89% to hit)
You throw a javelin.
The javelin pierces through the jelly but does no damage.
The jelly is moderately wounded.
Throw: javelin
Press: ? - help, Q - select action, (/) - cycle Shift-Dir - straight line, f/p - jelly
Aim: a jelly (moderately wounded, 89% to hit)
You throw a javelin. The javelin pierces through the jelly.
The jelly is heavily wounded.
You completely miss the jelly.
The jelly is heavily wounded.
The jelly hits you.
You are splashed with acid!
Ouch! That really hurt!
* * * LOW HITPOINT WARNING * * *
You barely miss the jelly.
The jelly is heavily wounded.
The jelly hits you but does no damage.
You hit the jelly.
Your hands burn!
* * * LOW HITPOINT WARNING * * *
The jelly is heavily wounded.
The jelly hits you.
* * * LOW HITPOINT WARNING * * *
The acid corrodes you!
You are splashed with acid.
You die...

##..###..........
##...##...........
..................
............##....
(......#....# ##.
......##....##
.......##....###
...............#
......J@...##.....
............#.....
#....##....####...
#... ##.### ..#
... ### .. ##


You could see a jelly.

Vanquished Creatures
  An adder (D:5)
1 creature vanquished.

Notes
Turn   | Place    | Note
-------+----------+-------------------------------------------
     0 | D:5      | GordonOverkill the Deep Elf Delver began the quest for the
                  | Orb.
     0 | D:5      | Reached XP level 1. HP: 13/13 MP: 3/3
    12 | D:5      | Noticed a jelly
    27 | D:8      | Noticed a gnoll sergeant
    30 | D:8      | Noticed a wight
    30 | D:8      | Noticed a wight
    32 | D:8      | Noticed a wight
    67 | D:7      | Noticed a troll
   102 | D:6      | Noticed a scorpion
   130 | D:6      | Noticed an ice beast
   155 | D:5      | Noticed an iguana
   176 | D:5      | Reached skill level 1 in Throwing
   176 | D:5      | Reached XP level 2. HP: 17/18 MP: 4/4
   197 | D:5      | Splashed by a jelly's acid

Illustrated notes

Levels and vault maps discovered:
D:5:      layout_cave_pools, kennysheep_little_box, uniq_eustachio,
          uniq_blork_the_orc
D:6:      layout_basic, nicolae_ru_sacrificial_ziggurat,
          nicolae_overflow_crystal_walls, kennysheep_small_circle
D:7:      layout_loops_ring, kiku_gazebo_pond_becter,
          mainiacjoe_overflow_catch_the_wave, minmay_temple_entry_grid
D:8:      layout_rooms, dpeg_oklobed_lair

Skill      XL: |  1 |
---------------+----+-----
Throwing       | 1 |  1.0
Fighting       | |  2.7
Short Blades   | |  2.0
Dodging        | |  2.4
Stealth        | |  6.0

Action                     || total
---------------------------++-------
  Melee: Short sword       ||    10
  Throw: Javelin           ||     5
 Armour: Leather armour    ||     5
  Dodge: Dodged            ||     5

Table legend: (Time is in decaauts)
 A = Elapsed time spent in this place.
 B = Non-inter-level travel time spent in this place.
 C = Inter-level travel time spent in this place.
 D = Time resting spent in this place.
 E = Time spent auto-exploring this place.
 F = Levels seen in this place.
 G = Mean time per level.
                   A        B        C        D        E       F      G
               +--------+--------+--------+--------+--------+-----+--------+
         Total |    198 |    198 |      0 |      2 |      0 |   4 |   49.5 |
       Dungeon |    198 |    198 |      0 |      2 |      0 |   4 |   49.5 |
               +--------+--------+--------+--------+--------+-----+--------+

Top non-repeatable levels by time:
     D:5: 85 daAuts
     D:7: 59 daAuts
     D:6: 40 daAuts
     D:8: 12 daAuts
